 Dungeon Crawl Stone Soup version 0.30-a0-591-g3c58d2bc28 (webtiles) character file.

Game seed: 4194652339860884996

1163 bande the Chopper (level 8, 0/49 HPs)
             Began as a Gargoyle Fighter on Jan 6, 2023.
             Killed from afar by Blork the orc (15 damage)
             ... with a bolt of light
             ... on level 4 of the Dungeon.
             The game lasted 00:06:41 (3786 turns).

bande the Chopper (Gargoyle Fighter)                Turns: 3786, Time: 00:06:42

Health: 0/49       AC: 18    Str: 20    XL:     8   Next: 40%
Magic:  8/8        EV:  9    Int:  9    God:
Gold:   185        SH:  4    Dex: 11    Spells: 7/7 levels left

rFire   . . .      SeeInvis .    a - +0 war axe
rCold   . . .      Faith    .    c - +0 buckler
rNeg    + . .      Spirit   .    b - +0 scale mail
rPois   ∞          Reflect  .    (no helmet)
rElec   +          Harm     .    (no cloak)
rCorr   .          Rampage  .    k - +0 pair of gloves
Will    .....                    (no boots) Stlth
                                 (no amulet)
HPRegen 0.28/turn                m - +4 ring of protection
MPRegen 0.11/turn                (no ring)

@: no status effects
A: sickness immunity, AC +5, negative energy resistance 1, electricity
resistance, torment resistance 1, petrification resistance
a: no special abilities


You were on level 4 of the Dungeon.
You visited 1 branch of the dungeon, and saw 4 of its levels.

You collected 185 gold pieces.

Inventory:

Hand Weapons
 a - a +0 war axe (weapon)
 i - a +0 war axe
 q - a +0 flail
Missiles
 h - 2 throwing nets (quivered)
Armour
 b - a +0 scale mail (worn)
 c - a +0 buckler (worn)
 k - a +0 pair of gloves (worn)
Jewellery
 g - a +6 ring of intelligence
 m - a +4 ring of protection (left hand)
Wands
 o - a wand of charming (9)
 r - a wand of polymorph (10)
 t - a wand of flame (19)
Scrolls
 l - a scroll of teleportation
 n - a scroll of identify
Potions
 d - 2 potions of might
 e - a potion of ambrosia {unknown}
 f - 2 potions of haste {unknown}
 j - a potion of curing
 p - a potion of heal wounds {unknown}
 s - 3 potions of attraction {unknown}
 u - 2 potions of brilliance {unknown}


   Skills:
 + Level 5.1 Fighting
 + Level 6.3 Axes
 + Level 5.2 Armour
 + Level 4.2 Shields
 * Level 3.4 Evocations


You had 7 spell levels left.
You didn't know any spells.
Your spell library contained the following spells:

 Spells                   Type           Power      Damage    Failure   Level
 Slow                     Hex            0%         N/A       82%         1
 Confusing Touch          Hex            0%         N/A       99%         3
 Ignite Poison            Fire/Tmut/Pois 0%         N/A       99%         3
 Vampiric Draining        Necr           0%         2d6       99%         3
 Sticky Flame             Conj/Fire      0%         2d3       100%        4
 Ignition                 Fire           0%         3d3       100%        8


Dungeon Overview and Level Annotations

Branches:
Dungeon (4/15)
 Temple: D:4-7

Altars:

Annotations:
D:4 Blork the orc


Innate Abilities, Weirdness & Mutations

You are immune to sickness and miasma.
Your stone body is resilient. (AC +5)
You are immune to poison.
You resist negative energy. (rN+)
You are resistant to electric shocks. (rElec)
You are resistant to unholy torment.
You are immune to petrification.


Message History

Blork the orc hits you but does no damage.
You closely miss Blork the orc.
Blork the orc is heavily wounded.
Blork the orc hits you but does no damage.
Blork the orc closely misses you.
You hit Blork the orc.
Blork the orc is heavily wounded.
Blork the orc hits you but does no damage.
Blork the orc barely misses you.
You barely miss Blork the orc.
Blork the orc is heavily wounded.
Blork the orc hits you with a +0 short sword.
You hit Blork the orc but do no damage.
Blork the orc is heavily wounded.
Blork the orc casts a cantrip, but nothing happens.
You block Blork the orc's attack.
You hit Blork the orc.
Blork the orc is heavily wounded.
Blork the orc casts a spell at you. The puff of frost misses you.
Blork the orc zaps a wand.
The bolt of light hits you!
* * * LOW HITPOINT WARNING * * *
You hit Blork the orc.
Blork the orc is heavily wounded.
Blork the orc hits you but does no damage.
Blork the orc zaps a wand.
The bolt of light hits you but does no damage.
You are confused.
You hit Blork the orc.
Blork the orc is severely wounded.
Blork the orc hits you but does no damage. x2
You closely miss Blork the orc.
Blork the orc is severely wounded.
You feel less confused. You block Blork the orc's attack.
Blork the orc hits you but does no damage.
You hit Blork the orc.
Blork the orc is severely wounded.
Blork the orc zaps a wand.
The bolt of light hits you!
You die...

.!.............#
...............#
.....>.........#
...............#
...............#
......?........#
...............#
...............#
......o@.......#
...............#
...............#
...............#
#########.######
.# .# .#


You could see Blork the orc (fast).

Vanquished Creatures
  Pikel (D:4)
  Grinder (D:3)
  Sigmund (D:3)
  4 lemures (D:4)
  A phantom (D:4)
  A scorpion (D:4)
  A hound (D:4)
  An iguana (D:4)
  Natasha (thrice) (D:2)
  5 adders
  A worm (D:3)
  5 orcs
  6 endoplasms
  2 giant cockroaches
  5 goblins
  4 hobgoblins
  3 jackals (D:4)
  4 quokkas
  3 ball pythons
  5 bats
  3 kobolds
  5 rats
65 creatures vanquished.

Notes
Turn   | Place    | Note
-------+----------+-------------------------------------------
     0 | D:1      | bande the Gargoyle Fighter began the quest for the Orb.
     0 | D:1      | Reached XP level 1. HP: 14/14 MP: 1/1
   190 | D:1      | Reached XP level 2. HP: 15/19 MP: 2/2
   454 | D:1      | Reached skill level 2 in Axes
   898 | D:2      | Reached XP level 3. HP: 24/24 MP: 3/3
   961 | D:2      | Noticed Natasha
   967 | D:2      | Killed Natasha
  1143 | D:2      | Reached XP level 4. HP: 28/29 MP: 4/4
  1247 | D:2      | Noticed Natasha
  1261 | D:2      | Killed Natasha
  1262 | D:2      | Reached skill level 3 in Axes
  1452 | D:2      | Noticed Natasha
  1491 | D:2      | Killed Natasha
  1492 | D:2      | Reached XP level 5. HP: 24/33 MP: 5/5
  2006 | D:3      | Noticed Sigmund
  2036 | D:3      | Killed Sigmund
  2037 | D:3      | Reached skill level 4 in Axes
  2037 | D:3      | Reached skill level 1 in Evocations
  2037 | D:3      | Reached XP level 6. HP: 6/38 MP: 6/6
  2552 | D:3      | Found a faded altar of an unknown god.
  2883 | D:3      | Noticed Grinder
  2896 | D:3      | Paralysed by Grinder for 2 turns
  2898 | D:3      | Killed Grinder
  2899 | D:3      | Reached XP level 7. HP: 35/44 MP: 7/7
  3360 | D:4      | Reached skill level 5 in Axes
  3405 | D:4      | Noticed Pikel
  3428 | D:4      | Killed Pikel
  3429 | D:4      | Reached skill level 5 in Fighting
  3429 | D:4      | Reached skill level 6 in Axes
  3429 | D:4      | Reached skill level 5 in Armour
  3429 | D:4      | Reached XP level 8. HP: 18/49 MP: 8/8
  3765 | D:4      | Noticed Blork the orc
  3786 | D:4      | Killed from afar by Blork the orc

Illustrated notes

Levels and vault maps discovered:
D:1:      sevenhm_arrival_forest_fort_small_3, layout_loops_cross,
          minmay_quantized
D:2:      layout_loops_ring, st_stairs_10, skrybe_limestone_x,
          minmay_pentomino_p2, uniq_natasha
D:3:      layout_loops_corners, ebering_ecumenical_altar_mist, serial_rivers,
          chequers_serial_rivers_micro_d, chequers_serial_rivers_micro_e,
          chequers_serial_rivers_marsh, chequers_serial_rivers_micro_c,
          chequers_serial_rivers_large_a, uniq_grinder, uniq_sigmund
D:4:      layout_basic, riverfiend_overflow_shadow_ancestor, serial_shops,
          kennysheep_mini, nicolae_shop_firing_range, uniq_blork_the_orc,
          uniq_pikel

Skill      XL: |  1  2  3  4  5  6  7 |
---------------+----------------------+-----
Axes           | 2 3 4 6 |  6.3
Armour         | 4 5 |  5.2
Fighting       | 4 5 |  5.1
Evocations     | 1 2 3 |  3.4
Shields        | 4 |  4.2

Action                   |  1- 3 |  4- 6 |  7- 9 || total
-------------------------+-------+-------+-------++-------
Melee: War axe           |    63 |    79 |    76 ||   218
       Unarmed           |       |     2 |       ||     2
  Use: Scroll            |       |     5 |     1 ||     6
       Potion            |       |     1 |       ||     1
Armor: Scale mail        |    43 |    46 |    89 ||   178
       Skin              |       |     1 |       ||     1
Dodge: Dodged            |    43 |    31 |    60 ||   134
Block: Buckler           |    20 |    15 |    28 ||    63

Table legend: (Time is in decaauts)
 A = Elapsed time spent in this place.
 B = Non-inter-level travel time spent in this place.
 C = Inter-level travel time spent in this place.
 D = Time resting spent in this place.
 E = Time spent auto-exploring this place.
 F = Levels seen in this place.
 G = Mean time per level.
                   A        B        C        D        E       F      G
               +--------+--------+--------+--------+--------+-----+--------+
         Total |   3886 |   3803 |     83 |   1093 |   2128 |   4 |  971.5 |
       Dungeon |   3886 |   3803 |     83 |   1093 |   2128 |   4 |  971.5 |
               +--------+--------+--------+--------+--------+-----+--------+

Top non-repeatable levels by time:
     D:3: 1360 daAuts
     D:2: 1120 daAuts
     D:1: 913 daAuts
     D:4: 491 daAuts
